 Dungeon Crawl Stone Soup version 0.23-a0-164-g7711e57 (webtiles) character file.

214070 Amnesiac the Gelid (level 18, -8/121 HPs)
             Began as a Mummy Ice Elementalist on Sept 9, 2018.
             Was the Champion of Vehumet.
             Hit by a large rock thrown by Polyphemus (30 damage)
             ... on level 2 of the Shoals.
             The game lasted 01:29:46 (48854 turns).

Amnesiac the Gelid (Mummy Ice Elementalist)        Turns: 48854, Time: 01:29:47

Health: -8/121     AC:  6    Str: 11    XL:     18   Next: 29%
Magic:  38/38      EV: 15    Int: 27    God:    Vehumet [******]
Gold:   2571       SH:  6    Dex: 14    Spells: 2/49 levels left

rFire    x . .     SeeInvis .   a - staff of conjuration
rCold    + + +     Gourm    .   j - +1 buckler
rNeg     + + +     Faith    .   c - +2 robe {Archmagi}
rPois    ∞         Spirit   .   e - +0 helmet
rElec    .         Reflect  .   H - scarf {rC+ rF+}
rCorr    .         Harm     .   w - +0 pair of gloves
MR       ++...                  (no boots)
Stlth    +.........             P - amulet of magic regeneration
HPRegen  0.30/turn              o - +6 ring of intelligence
MPRegen  0.51/turn              z - ring of ice

@: very slow
A: no food or potions, fire vulnerability, cold resistance 1, negative energy
resistance 3, torment resistance, unbreathing, in touch with death 1
}: 1/15 runes: serpentine
a: Renounce Religion


You were on level 2 of the Shoals.
You worshipped Vehumet.
Vehumet was exalted by your worship.
You were not hungry.

You visited 6 branches of the dungeon, and saw 30 of its levels.
You also visited: Ice Cave.

You collected 3715 gold pieces.
You spent 1144 gold pieces at shops.

Inventory:

Hand Weapons
 n - a +0 blowgun
 J - a +5 long sword of electrocution
Missiles
 r - 78 poisoned needles
Armour
 c - a +2 robe of the Archmagi (worn)
 e - a +0 helmet (worn)
 j - a +1 buckler (worn)
 w - a +0 pair of gloves (worn)
 C - a +3 ring mail of fire resistance
 H - a scarf of resistance (worn)
Magical Staves
 a - an uncursed staff of conjuration (weapon)
 b - an uncursed staff of cold
 M - an uncursed staff of energy {unknown}
 O - an uncursed staff of air
Jewellery
 h - an uncursed ring of ice
 l - an uncursed ring of teleportation
 o - a +6 ring of intelligence (left hand)
 q - an uncursed ring of see invisible
 z - a ring of ice (right hand)
 D - the ring of Xisaigh {Fire rPois}
   (You found it in an ice cave)

   [ring of fire]

   It enhances your fire magic.
   It protects you from fire.
   It makes you vulnerable to cold.
   It protects you from poison.
 E - an uncursed ring of magical power
 I - an uncursed ring of protection from fire
 P - an amulet of magic regeneration (around neck)
 R - the ring of Jeoddebb {Wiz rElec}
   (You bought it in a shop on level 6 of the Dungeon)

   [ring of wizardry]

   It improves your spell success rate.
   It insulates you from electricity.
Wands
 m - a wand of scattershot (5)
 v - a wand of paralysis (41)
 y - a wand of acid (11)
 F - a wand of flame (38)
 K - a wand of digging (20)
 N - a wand of enslavement (12)
Scrolls
 d - 4 scrolls of blinking {!r}
 f - 10 scrolls of remove curse {!r}
 g - 3 scrolls of fear {!r}
 i - a scroll of fog {!r}
 k - 5 scrolls of teleportation {!r}
 p - 7 scrolls of magic mapping {!r}
 s - a scroll of holy word {!r}
 t - 21 scrolls of identify {!r}
 u - 5 scrolls of enchant armour {!r}
 x - 2 scrolls of brand weapon {!r}
 G - 3 scrolls of vulnerability {!r}
 L - a scroll of enchant weapon {!r}
Miscellaneous
 A - a lightning rod (4/4)
 B - a phantom mirror


   Skills:
 - Level 5.0 Fighting
 - Level 4.0 Staves
 - Level 5.0 Dodging
 - Level 1.5 Stealth
 - Level 4.0 Shields
 + Level 16.4 Spellcasting
 * Level 16.5 Conjurations
 * Level 16.6 Ice Magic
 - Level 4.0 Evocations


You had 2 spell levels left.
You knew the following spells:

 Your Spells              Type           Power        Failure   Level  Hunger
a - Bolt of Cold          Conj/Ice       #########.   1%          6    N/A
b - Ozocubu's Refrigerat  Ice            ########..   1%          6    N/A
c - Ensorcelled Hibernat  Hex/Ice        ######       1%          2    N/A
d - Orb of Destruction    Conj           ########..   1%          7    N/A
e - Glaciate              Conj/Ice       #########.   50%         9    N/A
f - Summon Ice Beast      Ice/Summ       ########     1%          4    N/A
h - Passwall              Tmut/Erth      ####....     3%          2    N/A
v - Blink                 Tloc           N/A          3%          2    N/A
w - Freezing Cloud        Conj/Ice/Air   ########..   1%          6    N/A
z - Ozocubu's Armour      Chrm/Ice       ########     1%          3    N/A

Your spell library contained the following spells:

 Spells                   Type           Power        Failure   Level  Hunger
 Chain Lightning          Conj/Air       ########..   73%         8    N/A
 Fire Storm               Conj/Fire      ########..   100%        9    N/A
 Freeze                   Ice            ####         0%          1    N/A
 Magic Dart               Conj           ####         0%          1    N/A
 Throw Frost              Conj/Ice       ######       0%          2    N/A
 Sandblast                Erth           ####..       1%          1    N/A
 Sting                    Conj/Pois      ####         1%          1    N/A
 Animate Skeleton         Necr           N/A          2%          1    N/A
 Corona                   Hex            ####...      2%          1    N/A
 Pain                     Necr           ####         2%          1    N/A
 Call Imp                 Summ           ####....     3%          2    N/A
 Corpse Rot               Necr           N/A          3%          2    N/A
 Poisonous Vapours        Pois/Air       ####..       3%          2    N/A
 Slow                     Hex            ####....     3%          2    N/A
 Conjure Flame            Conj/Fire      ########     1%          3    N/A
 Dazzling Spray           Conj/Hex       ######       1%          3    N/A
 Mephitic Cloud           Conj/Pois/Air  #######.     1%          3    N/A
 Stone Arrow              Conj/Erth      ######       1%          3    N/A
 Throw Icicle             Conj/Ice       ########     1%          4    N/A
 Bolt of Draining         Conj/Necr      ########..   1%          5    N/A
 Bolt of Magma            Conj/Fire/Erth #######...   1%          5    N/A
 Venom Bolt               Conj/Pois      ########..   1%          5    N/A
 Iron Shot                Conj/Erth      ########..   3%          6    N/A
 Olgreb's Toxic Radiance  Pois           ####....     6%          4    N/A
 Confuse                  Hex            ####....     7%          3    N/A
 Recall                   Summ/Tloc      N/A          7%          3    N/A
 Tukima's Dance           Hex            ####....     7%          3    N/A
 Vampiric Draining        Necr           #####.....   7%          3    N/A
 Simulacrum               Ice/Necr       ########..   11%         6    N/A
 Lee's Rapid Deconstruct  Erth           ####......   16%         5    N/A
 Animate Dead             Necr           N/A          22%         4    N/A
 Leda's Liquefaction      Hex/Erth       ####......   22%         4    N/A
 Petrify                  Tmut/Erth      ####....     22%         4    N/A
 Agony                    Necr           #####...     52%         5    N/A
 Borgnjor's Vile Clutch   Necr/Erth      #####.....   52%         5    N/A
 Dispel Undead            Necr           #####...     52%         5    N/A
 Excruciating Wounds      Chrm/Necr      #####.....   52%         5    N/A
 Death Channel            Necr           #####.....   98%         6    N/A
 Shatter                  Erth           ####......   100%        9    N/A
 Sublimation of Blood     Necr           Unusable     N/A         2    N/A
 Regeneration             Chrm/Necr      Unusable     N/A         3    N/A
 Statue Form              Tmut/Erth      Unusable     N/A         6    N/A

Dungeon Overview and Level Annotations

Branches:
Dungeon (15/15)            Temple (1/1) D:6            Lair (6/6) D:9
 Shoals (2/4) Lair:3        Snake (4/4) Lair:4        Slime (0/5) Lair:5
    Orc (2/2) D:11            Elf (0/3) Orc:2        Vaults (0/5) D:14
 Depths (0/5) D:15

Altars:
Ashenzari
Cheibriados
Dithmenos
Elyvilon
Fedhas
Gozag
Hepliaklqana
Kikubaaqudgha
Makhleb
Nemelex Xobeh
Okawaru
Qazlal
Ru
Sif Muna
Trog
Uskayaw
Vehumet
Wu Jian
Xom
Yredelemnul
Zin
The Shining One

Shops:
D:6 =   Orc:2 }%[[

Annotations:
Lair:3 1 exclusion, Imaan's ghost, journeyman OpFi
Shoals:2 Polyphemus


Innate Abilities, Weirdness & Mutations

You do not eat or drink.
Your flesh is vulnerable to fire.
You are immune to poison.
Your flesh is cold resistant. (rC+)
You are immune to negative energy. (rN+++)
You are immune to unholy pain and torment.
You can survive without breathing.
You are in touch with the powers of death.


Message History

Confirm with . or Enter, or press ? or * to list all spells.
You can't see any susceptible monsters within range! (Use Z to cast anyway.)
Casting: Bolt of Cold (safe; 1% risk of failure)
Confirm with . or Enter, or press ? or * to list all spells.
You can't see any susceptible monsters within range! (Use Z to cast anyway.)
You enter the shallow water.
Moving in this stuff is going to be slow.
The faun shoots a stone.
The stone hits you. The stone burns you.
You hear a splash.
You see here a stone.
Casting: Bolt of Cold (safe; 1% risk of failure)
Confirm with . or Enter, or press ? or * to list all spells.
Aiming: Bolt of Cold (safe; 1% risk of failure)
Press: ? - help, Shift-Dir - straight line, f - faun
Aim: a faun, wielding a hunting sling of flaming You feel a huge surge of power!
The bolt of cold hits the faun.
The faun is severely wounded.
The faun shoots a stone.
The stone hits you! The stone burns you.
You hear a splash.
Casting: Bolt of Cold (safe; 1% risk of failure)
Confirm with . or Enter, or press ? or * to list all spells.
Aiming: Bolt of Cold (safe; 1% risk of failure)
Press: ? - help, Shift-Dir - straight line, f/p - faun
Aim: a faun, wielding a hunting sling of flaming (severely wounded)
You feel a huge surge of power!
The bolt of cold hits the faun.
You kill the faun!
Vehumet accepts your kill.
You feel your power returning.
Casting: Bolt of Cold (safe; 1% risk of failure)
Confirm with . or Enter, or press ? or * to list all spells.
You can't see any susceptible monsters within range! (Use Z to cast anyway.)
Casting: Bolt of Cold (safe; 1% risk of failure)
Confirm with . or Enter, or press ? or * to list all spells.
You can't see any susceptible monsters within range! (Use Z to cast anyway.) Polyphemus shouts, "Attack, my pets!
Attack!"
Polyphemus roars, "Attack, my pets!
Attack!"
Polyphemus throws a large rock.
The large rock hits you!!!
* * * LOW HITPOINT WARNING * * *
Polyphemus is nearby!
Polyphemus is nearby!
Polyphemus is nearby!
No target in view!
You start resting.
Magic restored.
You start resting.
Polyphemus is too close now for your liking.
Polyphemus is nearby!
Polyphemus shouts, "Attack, my pets!
Attack!"
Polyphemus throws a large rock.
The large rock hits you!!!
* * * LOW HITPOINT WARNING * * *
You see here a large rock.
Okay, then.
Okay, then.
You enter the shallow water.
Moving in this stuff is going to be slow.
Really read
k - 6 scrolls of teleportation {!r}?
As you read the scroll of teleportation {!r}, it crumbles to dust.
You feel strangely unstable.
Your surroundings suddenly seem different.
Splash!
You fall into the shallow water.
Moving in this stuff is going to be slow.
Polyphemus throws a large rock.
The large rock hits you!!
You die...

≈≈≈.##.....≈≈≈≈≈≈≈≈≈≈≈≈≈≈≈.#####
≈≈...#####.≈≈≈≈≈≈≈≈≈≈≈≈≈≈≈.....##
≈≈...# #.≈≈≈≈≈≈≈≈≈≈≈≈≈≈......#
≈≈...# ##.≈≈≈≈≈≈≈≈≈≈≈....≈≈≈≈..
≈....#####.≈≈≈≈≈≈≈≈≈≈≈.....≈≈)...
....(...##.≈≈≈≈≈≈≈≈≈≈≈(##........
............≈≈≈≈≈≈≈≈≈≈.#####..≈≈.
.....C...###..≈≈≈≈≈≈≈≈≈.# ##..≈≈≈
....$≈..## ##.≈≈@≈≈≈.≈≈C###..≈≈≈≈
........# #<.≈≈≈≈≈≈≈≈≈.....≈≈≈≈
........#####.....≈≈≈≈≈≈≈..≈≈≈≈≈≈
........[.#.≈≈.##..≈≈≈≈≈≈≈≈≈≈≈≈≈≈
.......≈≈≈≈≈≈≈≈###≈≈≈≈≈≈≈≈≈≈≈≈≈≈≈
...≈.#..≈≈≈≈≈≈≈.≈≈≈≈≈≈≈≈≈≈≈≈≈≈≈≈(
≈...###.≈≈≈≈≈≈≈≈≈≈≈≈≈≈≈≈≈≈≈≈≈≈≈(≈
≈≈..###.≈≈≈≈≈≈≈≈≈≈≈≈≈≈≈≈≈≈≈≈≈≈≈≈≈
≈≈≈.....≈≈≈≈≈≈≈≈≈≈≈≈≈≈≈≈≈≈≈≈≈≈≈≈≈


You could see Polyphemus.

Vanquished Creatures
  Asterion (Snake:3)
  2 tengu reavers (D:15)
  The ghost of Sefexkig the Impaler, an adept MfIE of Makhleb (Snake:3)
  Kirke (D:13)
  11 nagarajas
  A frost giant (D:15)
  The ghost of Rimox the Unseen, an adept SpSu of Elyvilon (Snake:3)
  The ghost of Nib the Severer, a journeyman MiBe of Trog (D:13)
  The ghost of Rijenev the Severer, a journeyman MiFi of Okawaru (Shoals:1)
  A very ugly thing (D:15)
  The ghost of Mobliot the Arsonist, a journeyman OgFE of Vehumet (Lair:3)
  The ghost of Vaxualodu the Thaumaturge, a journeyman GnIE of Gozag (Lair:3)
  The ghost of Plog the Severer, a journeyman MiBe of Trog (Lair:2)
  A merfolk javelineer (Shoals:1)
  Snorg (Lair:4)
  A fire dragon (D:15)
  A crystal guardian (D:15)
  Fannar (Lair:3)
  A merfolk impaler (Shoals:1)
  A yaktaur captain (D:15)
  A great orb of eyes (D:15)
  The ghost of TheNamelessOne the Cleaver, a journeyman CeFi of Ru (D:12)
  5 hydras
  2 ice dragons (IceCv)
  15 naga warriors
  A vault guard (D:14)
  3 merfolk avatars
  9 anacondas
  2 catoblepae
  3 centaur warriors
  13 two-headed ogres
  A death knight (D:15)
  A merfolk aquamancer (Shoals:2)
  4 ogre magi
  4 death yaks
  A queen ant (D:11)
  4 tengu warriors
  9 naga sharpshooters
  8 shock serpents
  5 skeletal warriors
  3 unseen horrors
  5 salamander mystics
  2 unseen horrors (shapeshifter)
  A sea snake (Shoals:2)
  2 deep trolls (Orc:2)
  A flayed ghost (D:15)
  6 naga ritualists
  A necromancer (D:15)
  9 mana vipers
  4 orc knights (Orc:2)
  8 manticores
  2 wolf spiders (D:15)
  A harpy (Shoals:2)
  3 ugly things
  2 deep elf magi (D:15)
  9 cyclopes
  A manticore (shapeshifter) (D:15)
  11 fauns
  11 salamanders
  2 water nymphs
  4 merfolk sirens (Shoals:1)
  15 naga magi
  37 black mambas
  2 guardian serpents (Snake:2)
  8 spiny frogs
  4 gargoyles
  2 ice statues (IceCv)
  11 centaur skeletons
  3 rime drakes
  5 kobold demonologists
  A komodo dragon (shapeshifter) (D:15)
  An efreet (D:15)
  2 freezing wraiths
  A yaktaur (shapeshifter) (D:14)
  6 komodo dragons
  3 yaktaurs (D:13)
  3 polar bears
  A tengu conjurer (D:15)
  4 merfolk
  22 trolls
  6 hornets
  3 wind drakes (Shoals:1)
  A polar bear (shapeshifter) (D:15)
  A wolf spider simulacrum (D:15)
  7 blink frogs
  15 hippogriffs
  6 slime creatures
  11 dream sheep
  A meliai zombie (D:14)
  6 snapping turtles
  15 spriggans
  A vampire (D:14)
  A water elemental (Shoals:2)
  4 shadows
  4 wyverns
  2 centaur simulacra (D:15)
  A human (D:13)
  8 redbacks (Snake:4)
  26 yaks
  2 wraiths (D:15)
  A basilisk (Lair:4)
  4 hogs (D:13)
  Menkaure (D:7)
  17 vampire mosquitoes
  4 hungry ghosts
  2 wargs (Orc:2)
  22 soldier ants
  56 nagas
  10 water moccasins
  2 acid dragons (D:15)
  10 porcupines
  8 sky beasts
  18 ice beasts
  23 orc warriors
  3 phantoms
  11 black bears
  A necrophage (D:9)
  34 wolves
  An eye of draining (D:14)
  11 boggarts
  27 ogres
  11 centaurs
  12 crocodiles
  A big kobold (D:12)
  2 gnoll sergeants
  22 bullfrogs
  3 wyvern skeletons
  3 scorpions
  12 killer bees
  3 wights (D:15)
  An electric eel (Lair:3)
  5 centaur zombies
  9 crimson imps
  3 bullfrog zombies
  24 orc wizards
  6 jellies
  19 orc priests
  4 hounds
  3 bullfrog skeletons
  Jessica (D:2)
  4 iguanas
  28 worker ants
  5 hell rats (Lair:4)
  A hound skeleton (D:7)
  A worker ant zombie (D:8)
  12 gnolls
  A howler monkey skeleton (D:11)
  15 adders
  8 shadow imps
  12 white imps (Lair:5)
  An ooze (D:4)
  3 adder skeletons
  An adder zombie (D:10)
  3 worms
  A dart slug (D:2)
  4 leopard geckos
  110 orcs
  4 bats
  4 giant cockroaches
  11 goblins
  5 hobgoblins
  27 jackals
  7 kobolds
  6 quokkas
  4 ball pythons
  A ball python skeleton (D:4)
  6 frilled lizards
  A jackal skeleton (D:7)
  A leopard gecko skeleton (D:6)
  5 rats
  3 plants
1168 creatures vanquished.

Vanquished Creatures (others)
  51 fungi
  32 plants
  8 withered plants
91 creatures vanquished.

Grand Total: 1259 creatures vanquished

Notes
Turn   | Place    | Note
-------+----------+-------------------------------------------
     0 | D:1      | Amnesiac the Mummy Ice Elementalist began the quest for the
                  | Orb.
     0 | D:1      | Reached XP level 1. HP: 13/13 MP: 4/4
   141 | D:2      | Reached XP level 2. HP: 9/19 MP: 0/5
   197 | D:2      | Learned a level 2 spell: Throw Frost
   430 | D:4      | Noticed a gnoll sergeant
   446 | D:2      | Found a shattered altar of Ashenzari.
   462 | D:2      | Reached skill level 1 in Conjurations
   631 | D:2      | Reached XP level 3. HP: 24/24 MP: 4/7
   636 | D:2      | Learned a level 3 spell: Ozocubu's Armour
   768 | D:4      | Noticed a scorpion
   940 | D:4      | Killed a scorpion
   940 | D:4      | Reached XP level 4. HP: 30/30 MP: 0/8
  1175 | D:3      | Reached XP level 5. HP: 23/35 MP: 5/9
  1397 | D:4      | Learned a level 4 spell: Throw Icicle
  1509 | D:4      | Found an ornate altar of the Wu Jian Council.
  1509 | D:4      | Found a deep blue altar of Sif Muna.
  1510 | D:4      | Found a white marble altar of Elyvilon.
  1675 | D:5      | Entered Level 5 of the Dungeon
  1857 | D:5      | Reached XP level 6. HP: 36/41 MP: 5/11
  1921 | D:5      | Found an opulent altar of Gozag.
  2843 | D:5      | Reached XP level 7. HP: 44/46 MP: 3/13
  2994 | D:5      | Reached skill level 1 in Shields
  3324 | D:6      | Found Wegisun's Jewellery Shoppe.
  3414 | D:6      | Found a staircase to the Ecumenical Temple.
  3432 | Temple   | Entered the Ecumenical Temple
  3595 | Temple   | Became a worshipper of Vehumet
  4539 | D:2      | Noticed Jessica
  4543 | D:2      | Killed Jessica
  5019 | D:3      | Reached skill level 5 in Ice Magic
  5416 | D:3      | Reached skill level 5 in Conjurations
  5416 | D:3      | Reached XP level 8. HP: 46/52 MP: 0/15
  5532 | D:3      | Reached skill level 5 in Spellcasting
  5658 | D:3      | Reached * piety under Vehumet
  5658 | D:3      | Offered knowledge of Sandblast by Vehumet.
  5685 | D:3      | Found a sparkling altar of Nemelex Xobeh.
  6236 | D:6      | Found a basalt altar of Yredelemnul.
  6269 | D:6      | Found a sparkling altar of Nemelex Xobeh.
  6868 | D:7      | Noticed Menkaure
  6873 | D:7      | Killed Menkaure
  7578 | D:7      | Reached XP level 9. HP: 57/57 MP: 3/18
  8342 | D:8      | Offered knowledge of Flame Tongue by Vehumet.
  8580 | D:8      | Reached ** piety under Vehumet
  8805 | D:8      | Found a blossoming altar of Fedhas.
  9160 | D:9      | Noticed a two-headed ogre
  9172 | D:10     | Entered Level 10 of the Dungeon
  9663 | D:9      | Offered knowledge of Static Discharge by Vehumet.
  9922 | D:9      | Reached XP level 10. HP: 63/63 MP: 13/21
 10555 | D:9      | Reached *** piety under Vehumet
 10742 | D:9      | Found a staircase to the Lair.
 11164 | D:9      | Killed a two-headed ogre
 11367 | Lair:1   | Entered Level 1 of the Lair of Beasts
 11761 | Lair:1   | Noticed a black mamba
 11766 | Lair:1   | Killed a black mamba
 11766 | Lair:1   | Offered knowledge of Olgreb's Toxic Radiance by Vehumet.
 12364 | D:10     | Noticed a two-headed ogre
 12368 | D:10     | Killed a two-headed ogre
 12368 | D:10     | Reached XP level 11. HP: 68/68 MP: 6/23
 12541 | D:10     | Got a twisted hand axe
 12631 | D:10     | Reached **** piety under Vehumet
 12953 | D:11     | Offered knowledge of Fulminant Prism by Vehumet.
 13482 | D:10     | Reached skill level 1 in Fighting
 14794 | D:11     | Found a staircase to the Orcish Mines.
 14892 | D:11     | Killed an unseen horror
 15033 | D:11     | Identified the +5 hand axe "Utemiut" {chaos, Int+4 Dex+2}
                  | (You found it on level 10 of the Dungeon)
 15076 | D:11     | Reached ***** piety under Vehumet
 15231 | D:11     | Offered knowledge of Freezing Cloud by Vehumet.
 15630 | D:11     | Reached skill level 10 in Ice Magic
 15677 | D:11     | Reached skill level 10 in Conjurations
 15908 | D:11     | Learned a level 6 spell: Freezing Cloud
 15966 | D:11     | Reached skill level 10 in Spellcasting
 16297 | D:11     | Noticed a queen ant
 16308 | D:11     | Killed a queen ant
 16308 | D:11     | Reached XP level 12. HP: 76/76 MP: 10/26
 16635 | D:11     | Learned a level 2 spell: Ensorcelled Hibernation
 16640 | D:11     | Learned a level 4 spell: Summon Ice Beast
 16967 | Orc:1    | Entered Level 1 of the Orcish Mines
 18582 | Orc:2    | Entered Level 2 of the Orcish Mines
 19458 | Orc:2    | Offered knowledge of Poison Arrow by Vehumet.
 19751 | Orc:2    | Found Gustrih's Gadget Shoppe.
 19751 | Orc:2    | Noticed a two-headed ogre
 20056 | Orc:2    | Killed a two-headed ogre
 20290 | Orc:2    | Noticed a two-headed ogre
 20295 | Orc:2    | Killed a two-headed ogre
 20521 | Orc:2    | Found a staircase to the Elven Halls.
 20632 | Orc:2    | Noticed a two-headed ogre
 20639 | Orc:2    | Killed a two-headed ogre
 20935 | Orc:2    | Gained mutation: You are in touch with the powers of death.
                  | [Mummy growth]
 20935 | Orc:2    | Reached XP level 13. HP: 45/83 MP: 11/28
 21871 | Orc:2    | Found Joliad's Armour Shoppe.
 21874 | Orc:2    | Found Jameveco's Armour Shop.
 21886 | Orc:2    | Found Odanamar's Food Emporium.
 21990 | Orc:2    | Bought a +2 robe of the Archmagi for 452 gold pieces
 22008 | Orc:2    | Bought a +0 pair of gloves for 76 gold pieces
 23057 | Lair:3   | Found a staircase to the Shoals.
 23062 | Lair:3   | Offered knowledge of Spellforged Servitor by Vehumet.
 23345 | Lair:3   | Noticed Fannar
 23683 | Lair:3   | Reached skill level 1 in Evocations
 23804 | Lair:3   | Found a runed gate.
 23804 | Lair:3   | Found a runed gate.
 23804 | Lair:3   | Found a runed gate.
 23872 | Lair:3   | Noticed Plog's ghost (journeyman MiBe)
 23872 | Lair:3   | Noticed Mobliot's ghost (journeyman OgFE)
 23873 | Lair:3   | Noticed Vaxualodu's ghost (journeyman GnIE)
 23873 | Lair:3   | Noticed Imaan's ghost (journeyman OpFi)
 23933 | Lair:3   | Killed Fannar
 24376 | Lair:2   | Killed Plog's ghost
 24483 | Lair:3   | Killed Vaxualodu's ghost
 24546 | Lair:3   | Killed Mobliot's ghost
 24695 | Lair:4   | Found a staircase to the Snake Pit.
 24995 | Lair:4   | Reached XP level 14. HP: 95/95 MP: 14/30
 26015 | Lair:4   | Found an opulent altar of Gozag.
 26015 | Lair:4   | Noticed Snorg
 26024 | Lair:4   | Killed Snorg
 26535 | Lair:5   | Found a frozen archway.
 26672 | IceCv    | Entered an ice cave
 27811 | IceCv    | Got a warped granite ring
 27950 | IceCv    | Identified the ring of Xisaigh {Fire rPois} (You found it
                  | in an ice cave)
 28308 | Lair:5   | Found a staircase to the Slime Pits.
 28847 | Lair:6   | Entered Level 6 of the Lair of Beasts
 29155 | Lair:6   | Offered knowledge of Bolt of Cold by Vehumet.
 29198 | Lair:6   | Learned a level 6 spell: Bolt of Cold
 30730 | Lair:6   | Reached skill level 5 in Dodging
 30771 | Lair:6   | HP: 3/95 [hornet (11)]
 32035 | D:12     | Offered knowledge of Orb of Destruction by Vehumet.
 32061 | D:12     | Learned a level 7 spell: Orb of Destruction
 32494 | D:12     | Reached XP level 15. HP: 100/100 MP: 26/32
 32579 | D:12     | Found a runed door.
 32579 | D:12     | Noticed TheNamelessOne's ghost (journeyman CeFi)
 32825 | D:12     | Killed TheNamelessOne's ghost
 33091 | D:13     | Found a runed door.
 33096 | D:13     | Noticed Nib's ghost (journeyman MiBe)
 33105 | D:13     | Killed Nib's ghost
 33804 | D:13     | Noticed Kirke
 33811 | D:13     | Killed Kirke
 34919 | D:14     | Found a basalt altar of Yredelemnul.
 35401 | D:14     | Found a gate to the Vaults.
 35403 | D:14     | Reached ****** piety under Vehumet
 35443 | D:14     | Found a deep blue altar of Sif Muna.
 35937 | D:15     | Entered Level 15 of the Dungeon
 35951 | D:15     | Reached skill level 1 in Staves
 36385 | D:15     | Offered knowledge of Ozocubu's Refrigeration by Vehumet.
 36393 | D:15     | Learned a level 6 spell: Ozocubu's Refrigeration
 36838 | D:15     | Found a staircase to the Depths.
 36898 | D:15     | Found a burning altar of Makhleb.
 36899 | D:15     | Found a burning altar of Makhleb.
 36899 | D:15     | Found a blossoming altar of Fedhas.
 38136 | D:15     | Reached XP level 16. HP: 43/106 MP: 5/34
 38311 | D:15     | Noticed a storm dragon
 38827 | D:15     | Noticed a tengu reaver
 38830 | D:15     | Killed a tengu reaver
 38890 | D:15     | Learned a level 2 spell: Blink
 38893 | D:15     | Learned a level 2 spell: Passwall
 38949 | D:15     | Noticed a tengu reaver
 38953 | D:15     | Killed a tengu reaver
 39064 | D:15     | Got a transparent dagger
 39093 | D:15     | Identified the cursed +1 dagger "Gram" {pierce, Fragile rC+
                  | rN++ Int+2} (You found it on level 15 of the Dungeon)
 40046 | Snake:1  | Entered Level 1 of the Snake Pit
 40722 | Snake:1  | Offered knowledge of Conjure Ball Lightning by Vehumet.
 41520 | Snake:2  | Found a blossoming altar of Fedhas.
 41527 | Snake:2  | Reached skill level 15 in Ice Magic
 41831 | Snake:2  | Reached skill level 15 in Conjurations
 42101 | Snake:2  | Reached skill level 15 in Spellcasting
 43229 | Snake:3  | Reached XP level 17. HP: 111/111 MP: 32/36
 43621 | Snake:3  | Noticed Asterion
 43624 | Snake:3  | Killed Asterion
 44054 | Snake:3  | Found a runed gate.
 44054 | Snake:3  | Found a runed gate.
 44056 | Snake:3  | Found a runed gate.
 44083 | Snake:3  | Noticed Sefexkig's ghost (adept MfIE)
 44083 | Snake:3  | Noticed Rimox's ghost (adept SpSu)
 44249 | Snake:3  | Killed Rimox's ghost
 44313 | Snake:3  | Killed Sefexkig's ghost
 44534 | Snake:4  | Entered Level 4 of the Snake Pit
 44583 | Snake:4  | Offered knowledge of Fire Storm by Vehumet.
 44583 | Snake:4  | Offered knowledge of Glaciate by Vehumet.
 44583 | Snake:4  | Offered knowledge of Chain Lightning by Vehumet.
 44802 | D:6      | Bought the ring of Jeoddebb {Wiz rElec} for 616 gold pieces
 44802 | D:6      | Identified a scroll of acquirement {!r}
 45016 | Snake:4  | Learned a level 9 spell: Glaciate
 45610 | Snake:4  | Reached skill level 5 in Fighting
 46421 | Snake:4  | Got a serpentine rune of Zot
 46913 | Shoals:1 | Entered Level 1 of the Shoals
 47038 | Shoals:1 | Reached XP level 18. HP: 90/121 MP: 23/38
 47608 | Shoals:1 | Found a large runed door.
 47609 | Shoals:1 | Found a large runed door.
 47627 | Shoals:1 | Noticed Rijenev's ghost (journeyman MiFi)
 47645 | Shoals:1 | Killed Rijenev's ghost
 48202 | Shoals:2 | Noticed Polyphemus
 48414 | Shoals:2 | HP: 5/121 [harpy (7)]
 48854 | Shoals:2 | Hit by a large rock thrown by Polyphemus

Vault maps used:
D:1:      nzn_arrival_depleted_hourglass
D:2:      nicolae_ashenzari_panopticon, corexii_leaking_fountain,
          roderic_lattice_a, minmay_pentomino_z2, uniq_jessica
D:3:      lemuel_coloured_pillars_altar, first_ration
D:4:      gammafunk_temple_overflow_claw
D:5:      nicolae_gozag_cash_rules_everything_around_me
D:6:      kennysheep_mini, minmay_temple_entry_purple_smoke, serial_shops,
          kennysheep_little_box, basic_altar, kennysheep_big_empty_room
D:7:      the_bakery, uniq_menkaure
D:8:      fedhas_altar_fruit_tree
D:9:      due_lair_maze_entry_diamond
D:11:     erik_orc_4, minivault_29
D:12:     gammafunk_ghost_grave
D:13:     hellmonk_ghost_happy_afterlife, minmay_misc_feat_four_crosses,
          uniq_kirke
D:14:     david_vaults_5, yredelemnul_altar_generic, lemuel_blue_sif_altar
D:15:     hangedman_slaughterboxes
Temple:   eino_temple_rhombus
Lair:2:   grunt_megastairs_5
Lair:3:   minmay_shoals_entry_beasts, gammafunk_ghost_cemetery,
          grunt_megastairs_1, uniq_fannar
Lair:4:   guppyfry_snake_entry_island, basic_altar, kilobyte_rumbling_trees,
          uniq_snorg
Lair:5:   minmay_slime_entry_pillars, portal_ice_cave_entry_imps
Lair:6:   minmay_lair_end_enchanted_forest, grunt_forest_large_clearing_hut
Shoals:1: ebering_ghost_disaster_area
Shoals:2: nicolae_shoals_kraken_intersection, uniq_polyphemus
Snake:2:  basic_altar, serial_bayou_pond_a
Snake:3:  gammafunk_ghost_cemetery, uniq_asterion
Snake:4:  minmay_snake_end_coiled, grunt_ministairs_3, spider_trap
Orc:2:    st_orc_open
IceCv:    ice_cave_small_dragons

Skill      XL: |  1  2  3  4  5  6  7  8  9 10 11 12 13 14 15 16 17 |
---------------+----------------------------------------------------+-----
Ice Magic      | 3 4 5 6 7 9 10 11 12 13 14 15 16 | 16.6
Spellcasting   | 3 4 6 7 8 10 11 12 13 14 15 16 | 16.4
Conjurations   | 1 2 3 4 5 6 7 9 10 11 12 13 14 15 16 | 16.5
Shields        | 1 3 4 |  4.0
Fighting       | 1 2 4 5 |  5.0
Dodging        | 2 4 5 |  5.0
Evocations     | 2 4 |  4.0
Staves         | 2 4 |  4.0
Stealth        | |  1.5

Action                   |  1- 3 |  4- 6 |  7- 9 | 10-12 | 13-15 | 16-18 || total
-------------------------+-------+-------+-------+-------+-------+-------++-------
Melee: Short sword       |     3 |     9 |    50 |       |       |       ||    62
       Long sword        |       |       |    47 |    21 |     2 |       ||    70
       Staff             |       |       |       |       |    40 |     5 ||    45
 Cast: Freeze            |    19 |    71 |    43 |   157 |    54 |    10 ||   354
       Throw Frost       |     9 |       |   156 |    15 |     5 |       ||   185
       Ozocubu's Armour  |     1 |     7 |     2 |     1 |       |       ||    11
       Throw Icicle      |       |       |    52 |   419 |   500 |    13 ||   984
       Freezing Cloud    |       |       |       |       |     5 |       ||     5
       Bolt of Cold      |       |       |       |       |   138 |   403 ||   541
       Orb of Destructio |       |       |       |       |    58 |    29 ||    87
       Summon Ice Beast  |       |       |       |       |     1 |       ||     1
       Ozocubu's Refrige |       |       |       |       |       |     2 ||     2
       Blink             |       |       |       |       |       |     1 ||     1
Evoke: Wand              |       |       |     3 |     7 |    11 |     3 ||    24
       Lightning rod     |       |       |       |       |     3 |       ||     3
  Use: Scroll            |     1 |     7 |     3 |     8 |     9 |    10 ||    38
 Stab: Sleeping          |       |     1 |     1 |       |       |       ||     2
       Paralysed         |       |       |     1 |     1 |     2 |       ||     4
Armor: Robe              |     2 |    17 |    37 |    35 |    36 |    13 ||   140
       Troll leather arm |       |       |       |    10 |       |       ||    10
       Ring mail         |       |       |       |       |    23 |    26 ||    49
Dodge: Dodged            |     6 |    33 |    84 |   132 |   117 |    79 ||   451
Block: Buckler           |       |     2 |    39 |    58 |    74 |    43 ||   216
       Reflection        |       |       |       |       |       |     5 ||     5
       Rpst.: Long sword |       |       |    14 |    38 |     7 |       ||    59

Table legend:
 A = Non-vault XP
 B = Vault XP
 C = Vault XP percentage of total XP
 D = Non-vault monster count
 E = Vault monster count
 F = Vault count percentage of total count
                 A         B        C        D         E       F
            +---------+---------+-------+---------+---------+-------
      Total |  181454 |  133723 |  42.4 |     811 |     353 |  30.3
            +---------+---------+-------+---------+---------+-------
        D:1 |      19 |       0 |   0.0 |      13 |       0 |   0.0
        D:2 |      71 |      38 |  34.9 |      18 |       2 |  10.0
        D:3 |     326 |       0 |   0.0 |      38 |       0 |   0.0
        D:4 |     399 |       0 |   0.0 |      19 |       0 |   0.0
        D:5 |     464 |       0 |   0.0 |      16 |       0 |   0.0
        D:6 |     585 |       0 |   0.0 |      16 |       0 |   0.0
        D:7 |    1148 |     403 |  26.0 |      26 |       2 |   7.1
        D:8 |     784 |       0 |   0.0 |      13 |       0 |   0.0
        D:9 |    3677 |     960 |  20.7 |      47 |       8 |  14.5
       D:10 |    3604 |     160 |   4.3 |      40 |       1 |   2.4
       D:11 |    5343 |    4913 |  47.9 |      49 |      53 |  52.0
       D:12 |    6294 |    1020 |  13.9 |      40 |       1 |   2.4
       D:13 |    7594 |    4317 |  36.2 |      33 |       6 |  15.4
       D:14 |   11800 |    1726 |  12.8 |      36 |       2 |   5.3
       D:15 |       0 |   41913 | 100.0 |       0 |      82 | 100.0
     Lair:1 |    1422 |       0 |   0.0 |       8 |       0 |   0.0
     Lair:2 |    3508 |    2097 |  37.4 |      15 |       6 |  28.6
     Lair:3 |    2855 |    5143 |  64.3 |      10 |       8 |  44.4
     Lair:4 |    4279 |    2653 |  38.3 |      24 |      10 |  29.4
     Lair:5 |    4553 |     969 |  17.5 |      17 |      16 |  48.5
     Lair:6 |    8606 |    8815 |  50.6 |      37 |      46 |  55.4
   Shoals:1 |   15716 |    2460 |  13.5 |      34 |       2 |   5.6
   Shoals:2 |    7721 |    3642 |  32.1 |      15 |       4 |  21.1
    Snake:1 |   17275 |       0 |   0.0 |      33 |       0 |   0.0
    Snake:2 |   19495 |       0 |   0.0 |      30 |       0 |   0.0
    Snake:3 |   22536 |    4860 |  17.7 |      46 |       3 |   6.1
    Snake:4 |   23160 |   26741 |  53.6 |      42 |      44 |  51.2
      Orc:1 |    2874 |     296 |   9.3 |      40 |       1 |   2.4
      Orc:2 |    5346 |   15275 |  74.1 |      56 |      36 |  39.1
      IceCv |       0 |    5322 | 100.0 |       0 |      20 | 100.0
            +---------+---------+-------+---------+---------+-------
